cohdb
Replays
Latest Replays
All Replays
Popular Replays
Top Player Replays
Match Explorer
How It Works
Community
CoH3 Stats
Reddit
Sign in to upload your games and track your stats! →
Sign in with Steam
Match 44589688
Unlisted
Match 44589688
Overview
Messages
Build Orders
End
Engineer Squad
Construct Barracks
1⁄4-ton 4x4 Truck
Riflemen Squad
M1 Mortar Team
Mechanized Support Center
Grenade Package
Riflemen Squad
Selects Heavy Weapons
Selects Assault Carriers
Construct Motor Pool
Riflemen Squad
M3 75 mm Gun Motor Carriage
Construct Medical Station
M3 75 mm Gun Motor Carriage
Selects Exchangeable Parts
M16 Multiple Gun Motor Carriage
M1 Anti-tank Gun Team
Designate Forward Repair Station
M1918 Browning Automatic Rifles
Construct Tank Depot
Improvised Armor
Selects M2HB .50cal Heavy Machine Gun
Selects Gallant Stand
Selects Black Dragon Artillery Barrage
M4A1 Sherman Medium Tank
dan legend
Grumpy
Cameleon Casquer
无奈
Schiz
Uralvagonzavod
Woods
ChannyBoi
0
0
Comments
sign in to comment!
No comments posted yet!